AoeStats
← TodoCode

Arabia

510005300Analyzed
3v3 RM · 4d ago on Sep 29, 2026· 33m 55s· 6 players
Game mode
Random Map
Map size
Normal (6 player)
Population
200
Speed
Normal
Resources
Standard
Victory
Conquest
Starting age
Dark Age
Ending age
Imperial Age
RankedLock teamsTeams togetherTeam positionsShared explorationLock speedFull tech treeHidden civsTurbo modeCheats
Victory
Defeat
🇦🇷 Britons · Argentina
1258
+11
🇦🇷 Chinese · Argentina
1158
+15
🇦🇷 Cumans · Argentina
972
+67
🇭🇰 Mongols · Hong Kong SAR China
1187
-18
🇸🇪 Burmese · Sweden
1133
-16
🇦🇷 Saxons · Argentina
1094
-15
s
7:47 Loom
11:15 Feudal Age
12:17 Man-at-Arms
12:56 Arson
13:37 Horse Collar
25:16 Castle Age
23:36 Scale Mail Armor
23:48 Forging
26:31 Squires
26:17 Gambesons
26:48 Chain Mail Armor
26:01 Pikeman
27:08 Heavy Plow
27:56 Stone Mining
27:57 Gold Mining
28:53 Wheelbarrow
30:18 Elite Skirmisher
30:51 Fletching
31:01 Padded Archer Armor
Phant*
7:00 Loom
9:05 Feudal Age
9:21 Man-at-Arms
17:54 Fletching
23:04 Padded Archer Armor
23:29 Double-Bit Axe
23:25 Horse Collar
27:44 Castle Age
27:55 Crossbowman
28:37 Bodkin Arrow
29:59 Gold Mining
30:01 Stone Mining
30:47 Scale Mail Armor
31:54 Bow Saw
31:45 Heavy Plow
33:30 Chain Mail Armor
33:25 Forging
34:55 Wheelbarrow
34:05 Town Watch
kaaaboooom
8:40 Feudal Age
8:47 Loom
12:57 Forging
16:30 Bloodlines
17:19 Scale Barding Armor
23:51 Castle Age
21:39 Horse Collar
21:49 Double-Bit Axe
22:31 Fletching
24:28 Bodkin Arrow
27:14 Bow Saw
28:24 Light Cavalry
31:41 Chain Barding Armor
31:34 Husbandry
TodoCode
0:26 Loom
9:29 Feudal Age
9:58 Double-Bit Axe
16:09 Padded Archer Armor
16:00 Fletching
17:59 Padded Archer Armor
20:39 Wheelbarrow
23:51 Castle Age
22:16 Gold Mining
24:48 Bow Saw
24:07 Crossbowman
25:00 Horse Collar
26:25 Bodkin Arrow
27:50 Ballistics
28:08 Leather Archer Armor
30:30 Thumb Ring
JRR
9:56 Feudal Age
10:48 Loom
22:31 Fletching
27:07 Castle Age
25:19 Double-Bit Axe
25:27 Gold Mining
25:40 Padded Archer Armor
27:09 Crossbowman
28:00 Bodkin Arrow
29:00 Ballistics
31:22 Leather Archer Armor
31:28 Bow Saw
mati.raffo137
10:36 Feudal Age
11:09 Double-Bit Axe
11:10 Horse Collar
11:43 Loom
14:13 Wheelbarrow
15:57 Town Watch
20:20 Forging
23:58 Castle Age
23:16 Bloodlines
23:14 Scale Barding Armor
25:20 Iron Casting
25:06 Chain Barding Armor
27:10 Bow Saw
31:41 Hand Cart
35:52 Imperial Age
Connection lost

Rejoining the realm…

Still unreachable

The connection could not be restored.

Session expired

The server has moved on; the page needs a fresh start.